 Dungeon Crawl Stone Soup version 0.21-a0-536-gdbbf329 (webtiles) character file.

291090 KristoblXynda the Brawler (level 19, -5/184 HPs)
             Began as a Troll Monk on Dec 13, 2017.
             Was the Champion of Ashenzari.
             Slain by a water elemental (15 damage)
             ... summoned by Ilsuiw
             ... on level 4 of the Shoals on Dec 14, 2017.
             The game lasted 02:04:57 (39901 turns).

KristoblXynda the Brawler (Troll Monk)             Turns: 39901, Time: 02:04:58

Health: -5/184     AC: 21    Str: 24    XL:     19   Next: 95%
Magic:  0/45       EV: 18    Int: 13    God:    Ashenzari [******]
Gold:   3816       SH: 13    Dex: 12    Spells: 19/34 levels left

rFire    + . .     SeeInvis +     - Unarmed
rCold    + . .     Gourm    +   p - +0 shield (curse)
rNeg     . . .     Faith    .   j - +4 moon troll leather armour {Spirit, Regen++ MP+5} (curse)
rPois    .         Spirit   +   D - +3 hat of Pondering {ponderous, MR+ MP+10 Int+5} (curse)
rElec    .         Reflect  .   x - +2 cloak (curse)
rCorr    .         Harm     .   (gloves unavailable)
MR       ++++.     Clarity  +   (boots unavailable)
Stlth    ++++......             s - amulet of regeneration (curse)
HPRegen  2.00/turn              i - ring of protection from magic (curse)
MPRegen  0.29/turn              n - ring of protection from cold (curse)

@: lethally poisoned (-5 -> -28), very slightly contaminated, slow
A: large, unfitting armour, claws 3, iridescent scales 1, thin metallic scales
1, berserk 1, deformed body, dopey 2, fire resistance 1, fast metabolism 3,
gourmand, magic resistance 1, regeneration 1, shaggy fur 1, tough skin 2,
evolution 1, subdued magic 1
}: 2/15 runes: barnacled, gossamer
a: Curse Item, Scrying, Transfer Knowledge, Renounce Religion


You were on level 4 of the Shoals.
You worshipped Ashenzari.
Ashenzari was exalted by your worship.
You were very full.

You visited 8 branches of the dungeon, and saw 37 of its levels.
You also visited: Volcano.

You collected 3970 gold pieces.
You spent 154 gold pieces at shops.

Inventory:

Missiles
 U - 4 throwing nets (quivered)
Armour
 j - the cursed +4 moon troll leather armour (worn) {Spirit, Regen++ MP+5}
   (You acquired it on level 1 of the Lair of Beasts)

   It affects your magic capacity (+5).
   It increases your rate of regeneration.
   It has a curse placed upon it.
 p - a cursed +0 shield (worn)
 x - a cursed +2 cloak (worn)
 D - the cursed +3 hat of Pondering (worn) {ponderous, MR+ MP+10 Int+5}
   (You found it in a volcano)

   It affects your intelligence (+5).
   It affects your resistance to hostile enchantments.
   It affects your magic capacity (+10).
   It has a curse placed upon it.
 J - a +1 large shield
Jewellery
 i - a cursed ring of protection from magic (left claw)
 n - a cursed ring of protection from cold (right claw)
 s - a cursed amulet of regeneration (around neck)
Wands
 a - a wand of acid (10)
 o - a wand of digging (21)
 t - a wand of disintegration (10)
Scrolls
 e - 2 scrolls of fear
 l - 8 scrolls of immolation
 w - 4 scrolls of remove curse
 y - 8 scrolls of amnesia
 E - 2 scrolls of magic mapping
 G - 9 scrolls of identify
 H - 3 scrolls of silence
 L - a scroll of holy word
 O - a scroll of teleportation
Potions
 d - 6 potions of haste
 g - 9 potions of curing
 r - a potion of invisibility
 u - 10 potions of brilliance
 v - 3 potions of lignification
 z - a potion of agility
 A - 4 potions of might
 B - 2 potions of cancellation
 C - 5 potions of resistance
 F - 2 potions of magic
 P - 3 potions of ambrosia
Miscellaneous
 c - a crystal ball of energy
 h - a fan of gales
 M - a lamp of fire (inert)
 N - a phial of floods (inert)
Comestibles
 b - 35 bread rations
 f - 11 royal jellies
 k - 10 meat rations
 q - 19 fruits
 I - 5 chunks of flesh


   Skills:
 + Level 10.4 Fighting
   Level 10.1 Maces & Flails
 + Level 3.5 Throwing
 - Level 10.0 Armour
 - Level 12.9(17.0) Dodging
 - Level 5.0(9.4) Stealth
 - Level 9.9(12.7) Shields
 - Level 15.0 Unarmed Combat
 - Level 8.0 Spellcasting
 - Level 5.2(9.7) Charms
 - Level 5.1(9.5) Necromancy
 + Level 3.5(7.5) Earth Magic
 - Level 7.1(11.6) Evocations


You had 19 spell levels left.
You knew the following spells:

 Your Spells              Type           Power        Failure   Level  Hunger
a - Regeneration          Chrm/Necr      ###.......   1%          3    ##.....
b - Darkness              Hex            #.........   100%        6    #######
c - Iron Shot             Conj/Erth      ##........   99%         6    #######


Dungeon Overview and Level Annotations

Branches:
Dungeon (15/15)            Temple (1/1) D:4            Lair (6/6) D:8
 Shoals (4/4) Lair:2       Spider (4/4) Lair:3        Slime (0/5) Lair:5
    Orc (2/2) D:10            Elf (1/3) Orc:2        Vaults (4/5) D:13
  Crypt (0/3) Vaults:2     Depths (0/5) D:15

Altars:
Ashenzari
Cheibriados
Dithmenos
Elyvilon
Fedhas
Gozag
Hepliaklqana
Kikubaaqudgha
Makhleb
Nemelex Xobeh
Okawaru
Qazlal
Ru
Sif Muna
Trog
Uskayaw
Vehumet
Wu Jian
Xom
Yredelemnul
Zin
The Shining One
Beogh
Jiyva

Shops:
D:14 (   Orc:2 (!:?   Elf:1 (   Vaults:2 *   Vaults:4 (

Portals:
Trove: Vaults:2 (give 14 scrolls of teleportation)

Annotations:
Shoals:4 Ilsuiw


Innate Abilities, Weirdness & Mutations

You are too large for most types of armour.
You have claws for hands.
Your metabolism is lightning-fast.
You like to eat raw meat.
Your natural rate of healing is unusually fast.
You are covered in fur. (AC +1)
You have very tough skin. (AC +2)
You are partially covered in iridescent scales. (AC +2)
You are partially covered in thin metallic scales. (AC +2)
You tend to lose your temper in combat.
Armour fits poorly on your strangely shaped body.
You are very dopey. (Int -4)
Your flesh is heat resistant. (rF+)
You are resistant to hostile enchantments. (MR+)
You evolve.
Your spells are a little easier to cast, but a little less powerful.


Message History

The sea snake bites you.
* * * LOW HITPOINT WARNING * * *
You are more poisoned.
The sea snake poisons you!
The merfolk avatar chants a haunting song.
You are unaffected.
The satyr shoots an arrow.
The arrow hits you!!
* * * LOW HITPOINT WARNING * * *
Unknown command.
As you read the scroll of fear, it crumbles to dust.
You assume a fearsome visage.
The satyr looks frightened!
The merfolk siren looks frightened!
The satyr looks frightened!
The sea snake resists with some effort.
The water elemental is unaffected.
The merfolk avatar resists with some effort.
The merfolk impaler easily resists.
The merfolk looks frightened!
The merfolk resists with almost no effort.
The merfolk looks frightened!
* * * LOW HITPOINT WARNING * * *
You feel very sick. You block the merfolk impaler's attack.
The water elemental hits you!!
You die...

, ,,, ≈≈≈ , ,,,, , ,....≈≈ ,
≈≈≈≈≈≈ ........, , ..m.≈≈ ,, ,
≈≈≈≈≈{≈≈...... , .{....≈≈ , , ,
≈≈≈≈≈≈ ∆..PP.. ,.,......≈≈ ,,,
≈≈≈≈≈≈≈.###PP..#...,... #..≈ ≈
≈ ≈≈≈ ...#.PP.#≈≈. ....###. ,,,
≈≈≈###......PP≈.......##.
,≈≈≈≈≈≈≈≈PP#.......P≈≈≈........
≈ ≈ ≈≈≈.P..E@c..PP≈≈≈≈.......
,≈≈≈≈≈
≈≈≈P....S..#PP..≈≈.≈..≈≈≈ ≈≈
≈≈≈P...m...###..≈≈≈≈≈≈≈≈≈ ≈≈
≈≈≈≈≈#mPPm#.......≈≈≈≈≈≈≈≈ , ≈
≈≈≈≈#..Pm###......≈≈≈≈≈≈≈ * ≈≈
≈≈≈≈≈≈cP.(m.m........≈..≈≈ *,
≈≈ ≈≈≈≈≈≈≈≈..........≈....##. ,
≈≈≈≈≈≈≈≈≈≈≈.........≈≈...##.. ,
**.≈≈≈≈≈≈≈≈≈≈........≈≈≈≈......


You could see a merfolk avatar, a merfolk impaler, 2 satyrs, a sea snake, 3
merfolk and a water elemental.

Vanquished Creatures
  Nikola (Shoals:1)
  Arachne (Spider:3)
  2 liches
  Jorgrun (Shoals:2)
  Frances (D:14)
  Agnes (Spider:1)
  A tengu reaver (Vaults:3)
  Donald (Shoals:3)
  A deep elf sorcerer (Elf:1)
  6 vault wardens
  2 ghost moths (Spider:4)
  An orc warlord (Orc:1)
  Louise (D:14)
  A ghoul (Vaults:3)
  6 emperor scorpions
  8 ironheart preservers
  6 stone giants
  A vampire knight (Vaults:2)
  3 entropy weavers
  A deep elf annihilator (Vaults:4)
  A dire elephant (Lair:6)
  A spark wasp (Spider:4)
  4 ettins
  3 merfolk impalers
  A merfolk javelineer (Shoals:3)
  2 fire dragons
  7 yaktaur captains
  A great orb of eyes (Vaults:2)
  A rakshasa (D:15)
  5 hydras
  An ice dragon (Vaults:3)
  3 vault guards
  2 peacekeepers (Elf:1)
  2 merfolk avatars (Shoals:3)
  4 centaur warriors
  14 two-headed ogres
  A satyr (shapeshifter) (Vaults:4)
  A dancing weapon (Elf:1)
  2 death knights
  6 death yaks (Lair:6)
  2 orc high priests (Orc:2)
  2 satyrs
  A deep troll earth mage (Vaults:4)
  3 ogre magi
  2 deep elf knights
  A fire crab (shapeshifter) (D:15)
  A storm dragon zombie (Vaults:4)
  A fire crab (Volcano)
  5 skeletal warriors
  2 shadow wraiths
  An unseen horror (Vaults:1)
  7 deep trolls (Vaults:4)
  8 sea snakes
  A swamp dragon (Lair:6)
  10 harpies
  9 ironbrand convokers
  4 lindwurms
  7 deep elf archers
  6 wizards
  Pikel (D:5)
  3 necromancers
  19 ugly things
  24 wolf spiders
  8 orc knights
  2 oklob plants
  23 deep elf magi
  21 orb spiders
  13 fauns
  5 orc sorcerers (Orc:2)
  9 cyclopes
  6 manticores
  4 merfolk sirens
  15 elephants
  A fire giant zombie (Vaults:3)
  5 water nymphs
  A stone giant skeleton (Vaults:3)
  2 fire giant skeletons
  2 moths of wrath
  A naga mage (Vaults:3)
  7 black mambas
  2 molten gargoyles (Volcano)
  7 vault sentinels
  5 centaur skeletons
  5 spiny frogs
  4 torpor snails
  A gargoyle (D:11)
  2 kobold demonologists
  6 rime drakes
  9 demonic crawlers
  6 komodo dragons
  37 yaktaurs
  A yaktaur (shapeshifter) (Vaults:2)
  9 freezing wraiths
  A tengu conjurer (Vaults:3)
  5 trolls
  A polar bear (Lair:6)
  3 meliai (D:14)
  40 jumping spiders
  3 hornets
  5 blink frogs
  14 merfolk
  A meliai (shapeshifter) (Vaults:2)
  3 wind drakes
  16 hippogriffs
  Prince Ribbit (D:7)
  A slime creature (shapeshifter) (Vaults:3)
  14 slime creatures
  17 dream sheep
  8 snapping turtles
  An air elemental (Elf:1)
  A stone giant simulacrum (Vaults:2)
  81 redbacks
  14 tarantellas
  3 water elementals
  3 vampires (Vaults:2)
  A spriggan (D:7)
  A yak (shapeshifter) (Vaults:3)
  2 tarantellas (shapeshifter)
  3 wyverns
  3 wraiths
  2 basilisks (shapeshifter)
  3 fire bats (Volcano)
  33 yaks
  A hungry ghost (D:8)
  A fire elemental (Elf:1)
  5 basilisks
  4 steam dragons
  Grum (D:9)
  A human simulacrum (Vaults:4)
  A warg (Orc:2)
  A deep troll zombie (Vaults:4)
  4 acid dragons
  16 water moccasins
  2 soldier ants
  Duvessa (D:7)
  5 porcupines
  3 human skeletons
  A hell hound (Volcano)
  2 sky beasts
  41 orc warriors
  2 eyes of draining
  5 ice beasts
  2 swamp drakes (Lair:6)
  2 phantoms
  17 ogres
  18 wolves
  9 boggarts
  11 centaurs
  10 crocodiles
  A crocodile (shapeshifter) (Vaults:1)
  8 big kobolds
  15 bullfrogs
  A bullfrog (shapeshifter) (Vaults:4)
  A wyvern zombie (D:15)
  Dowan (D:7)
  7 scorpions
  A wyvern skeleton (D:12)
  The ghost of tidbits the Insei, a weakling GnTm (D:3)
  4 electric eels
  3 wights
  6 howler monkeys
  4 crimson imps
  5 lava snakes (Volcano)
  A centaur zombie (D:8)
  A quasit (D:3)
  10 hounds
  2 jellies
  28 orc priests
  3 bullfrog zombies
  A bullfrog skeleton (D:8)
  A gnoll shaman (D:5)
  7 iguanas
  13 worker ants
  35 orc wizards
  A worker ant (shapeshifter) (Vaults:3)
  Terence (D:3)
  4 hound zombies
  A worker ant zombie (D:9)
  3 gnolls (D:5)
  3 howler monkey skeletons
  16 adders
  2 shadow imps
  An ooze (D:1)
  2 adder skeletons (D:6)
  2 worms (D:2)
  5 dart slugs
  3 leopard geckos
  72 orcs
  4 bats
  7 giant cockroaches
  8 goblins
  8 hobgoblins
  12 jackals
  18 kobolds
  4 quokkas
  A ball python (D:1)
  5 frilled lizards
  A jackal skeleton (D:5)
  2 jackal zombies
  A quokka skeleton (D:8)
  A quokka zombie (D:7)
  10 rats
  A butterfly (Lair:4)
  A fungus (Lair:1)
  13 plants
1270 creatures vanquished.

Vanquished Creatures (collateral kills)
  Asterion (Vaults:1)
  A death knight (Vaults:3)
  A deep elf archer (Vaults:1)
  An orb spider (Spider:2)
  A deep elf mage (Vaults:1)
  A jumping spider (Spider:4)
  A redback (Spider:4)
  A tarantella (Spider:4)
8 creatures vanquished.

Vanquished Creatures (others)
  An ironheart preserver (Vaults:4)
  A deep elf mage (Elf:1)
  A merfolk (Shoals:1)
  2 slaves (D:6)
  A bullfrog (D:6)
  A hound (D:6)
  3 orcs
  23 fungi
  18 plants
51 creatures vanquished.

Grand Total: 1329 creatures vanquished

Notes
Turn   | Place    | Note
-------+----------+-------------------------------------------
     0 | D:1      | KristoblXynda the Troll Monk began the quest for the Orb.
     0 | D:1      | Reached XP level 1. HP: 22/22 MP: 0/0
    91 | D:1      | Reached XP level 2. HP: 24/29 MP: 1/1
   430 | D:1      | Reached XP level 3. HP: 35/36 MP: 2/2
   506 | D:1      | Reached skill level 4 in Unarmed Combat
   869 | D:2      | Reached XP level 4. HP: 34/44 MP: 3/3
  1471 | D:3      | Found a transporter.
  1524 | D:3      | Reached skill level 5 in Unarmed Combat
  1540 | D:3      | Found a transporter.
  1580 | D:3      | Noticed tidbits's ghost (weakling GnTm)
  1594 | D:3      | Killed tidbits's ghost
  1594 | D:3      | Reached XP level 5. HP: 14/50 MP: 4/4
  1745 | D:3      | Noticed Terence
  1755 | D:3      | Killed Terence
  1923 | D:3      | Found a hide-covered altar of Uskayaw.
  1967 | D:3      | Found a sparkling altar of Nemelex Xobeh.
  2427 | D:3      | Reached XP level 6. HP: 46/59 MP: 5/5
  2430 | D:3      | Reached skill level 6 in Unarmed Combat
  2467 | D:4      | Found a staircase to the Ecumenical Temple.
  2612 | D:4      | Reached XP level 7. HP: 66/66 MP: 6/6
  2616 | Temple   | Entered the Ecumenical Temple
  2657 | Temple   | Became a worshipper of Ashenzari the Shackled
  2657 | Temple   | Reached * piety under Ashenzari
  2657 | Temple   | Reached ** piety under Ashenzari
  2919 | D:4      | Reached skill level 7 in Unarmed Combat
  3481 | D:5      | Entered Level 5 of the Dungeon
  3500 | D:5      | Reached skill level 8 in Unarmed Combat
  3521 | D:5      | Reached skill level 5 in Dodging
  3527 | D:5      | Reached XP level 8. HP: 63/74 MP: 7/7
  3695 | D:5      | Found an ornate altar of the Wu Jian Council.
  3695 | D:5      | Found a deep blue altar of Sif Muna.
  4129 | D:6      | Noticed Pikel
  4135 | D:5      | Killed Pikel
  4135 | D:5      | Reached skill level 9 in Unarmed Combat
  4411 | D:6      | Reached skill level 10 in Unarmed Combat
  4430 | D:6      | Reached XP level 9. HP: 45/80 MP: 8/8
  4493 | D:6      | Got the hand axe "Ajelum Pama" {drain, MR+ Int+6}
  4682 | D:6      | Reached skill level 1 in Maces & Flails
  4713 | D:6      | Found a shadowy altar of Dithmenos.
  5013 | D:7      | Found a sacrificial altar of Ru.
  5155 | D:7      | Noticed Prince Ribbit
  5162 | D:7      | Killed Prince Ribbit
  5195 | D:7      | Noticed Duvessa
  5196 | D:7      | Noticed Dowan
  5337 | D:7      | Killed Duvessa
  5343 | D:7      | Killed Dowan
  5376 | D:7      | Noticed a two-headed ogre
  5393 | D:7      | Found a snail-covered altar of Cheibriados.
  5402 | D:7      | Killed a two-headed ogre
  5402 | D:7      | Reached XP level 10. HP: 65/94 MP: 9/9
  5541 | D:7      | Reached *** piety under Ashenzari
  5752 | D:7      | Found a deep blue altar of Sif Muna.
  6037 | D:8      | Found a staircase to the Lair.
  6056 | D:8      | Found a hazy altar of Hepliaklqana.
  6067 | D:8      | Reached skill level 5 in Fighting
  6307 | D:8      | Reached skill level 5 in Maces & Flails
  6692 | D:9      | Reached skill level 1 in Evocations
  6783 | D:9      | Noticed Grum
  6804 | D:9      | Killed Grum
  6948 | D:9      | Found an ancient bone altar of Kikubaaqudgha.
  7368 | D:9      | Found an opulent altar of Gozag.
  7372 | D:9      | Found a glowing silver altar of Zin.
  7378 | D:9      | Found a shimmering altar of Xom.
  7381 | D:9      | Found a white marble altar of Elyvilon.
  7430 | D:10     | Entered Level 10 of the Dungeon
  7629 | D:10     | Reached XP level 11. HP: 103/104 MP: 12/12
  7707 | D:10     | Found a staircase to the Orcish Mines.
  8062 | Orc:1    | Entered Level 1 of the Orcish Mines
  8478 | D:11     | Got the whip "Myeqah" {pain, *Drain rF+ Int+4}
  8479 | D:11     | Identified the +11 whip "Myeqah" {pain, *Drain rF+ Int+4} (You found it on level 11 of the Dungeon)
  8649 | D:11     | Found a shimmering altar of Xom.
  8649 | D:11     | Noticed an oklob plant
  8709 | D:11     | Killed an oklob plant
  8906 | D:12     | Reached skill level 1 in Armour
  8930 | D:12     | Noticed a red ugly thing
  8945 | D:12     | Killed a red ugly thing
  9070 | D:12     | Noticed a red ugly thing
  9080 | D:12     | Killed a red ugly thing
  9085 | D:12     | Gained mutation: You are partially covered in thin metallic scales. (AC +2) [mutagenic meat]
  9086 | D:12     | Gained mutation: You can translocate small distances at will. [mutagenic meat]
  9087 | D:12     | Gained mutation: You are dopey. (Int -2) [mutagenic meat]
  9433 | D:12     | Noticed a four-headed hydra
  9442 | D:12     | Killed a five-headed hydra
  9540 | D:12     | Noticed a skeletal warrior
  9541 | D:12     | Noticed a skeletal warrior
  9544 | D:12     | Noticed a skeletal warrior
  9556 | D:12     | Killed a skeletal warrior
  9567 | D:12     | Killed a skeletal warrior
  9569 | D:12     | Killed a skeletal warrior
  9569 | D:12     | Reached skill level 5 in Evocations
  9723 | D:12     | Reached skill level 5 in Armour
  9723 | D:12     | Reached skill level 10 in Dodging
  9723 | D:12     | Reached XP level 12. HP: 111/111 MP: 13/15
  9724 | D:12     | Reached skill level 5 in Stealth
  9724 | D:12     | Reached XP level 13. HP: 118/118 MP: 13/16
  9915 | D:13     | Gained mutation: You tend to lose your temper in combat. [mutagenic meat]
  9959 | D:13     | Reached skill level 1 in Shields
 10030 | D:13     | Gained mutation: You are agile. (Dex +2) [mutagenic meat]
 10194 | D:13     | Reached XP level 14. HP: 105/127 MP: 17/17
 10428 | D:13     | Reached **** piety under Ashenzari
 10743 | D:13     | Found a gate to the Vaults.
 11145 | D:14     | Noticed Frances
 11298 | Lair:1   | Entered Level 1 of the Lair of Beasts
 11814 | Lair:1   | Found a blossoming altar of Fedhas.
 12652 | Lair:2   | Found a staircase to the Shoals.
 13374 | Lair:3   | Reached ***** piety under Ashenzari
 13663 | Lair:3   | Found a hole to the Spider Nest.
 13687 | Lair:3   | Got the whip "Hicis" {freeze, rElec rC+}
 13924 | Lair:4   | Identified a scroll of acquirement
 14429 | Lair:4   | Reached skill level 5 in Shields
 15449 | Lair:5   | Found a dark tunnel.
 15458 | Volcano  | Entered a volcano
 15697 | Volcano  | Found a burning altar of Makhleb.
 15764 | Volcano  | Found the +3 hat of Pondering {ponderous, MR+ MP+10 Int+5}
 16574 | Lair:5   | Found a staircase to the Slime Pits.
 16574 | Lair:5   | Found a viscous altar of Jiyva.
 16886 | Lair:6   | Entered Level 6 of the Lair of Beasts
 16938 | Lair:6   | Reached XP level 15. HP: 97/133 MP: 19/19
 18322 | Lair:6   | Reached ****** piety under Ashenzari
 18597 | Lair:6   | Reached skill level 10 in Maces & Flails
 19135 | Lair:1   | Found the cursed +4 moon troll leather armour {Spirit, Regen++ MP+5}
 19174 | Lair:1   | Identified the +1 whip "Hicis" {freeze, rElec rC+} (You found it on level 3 of the Lair of Beasts)
 19300 | Lair:1   | Learned a level 3 spell: Regeneration
 19307 | Lair:1   | Learned a level 6 spell: Darkness
 19712 | Orc:2    | Entered Level 2 of the Orcish Mines
 20085 | Orc:2    | Found a staircase to the Elven Halls.
 20244 | Orc:2    | Found Houskiuz's Book Shoppe.
 20244 | Orc:2    | Found Uggakah's Magic Scroll Shoppe.
 20244 | Orc:2    | Found Ahuej's Distillery.
 20247 | Orc:2    | Found Guilu's Weapon Emporium.
 20304 | Orc:2    | Bought a scroll of remove curse for 42 gold pieces
 20304 | Orc:2    | Bought a scroll of teleportation for 42 gold pieces
 20304 | Orc:2    | Bought a scroll of identify for 28 gold pieces
 20304 | Orc:2    | Bought a scroll of remove curse for 42 gold pieces
 20527 | Orc:2    | Found a roughly hewn altar of Beogh.
 20963 | Elf:1    | Entered Level 1 of the Elven Halls
 20984 | Elf:1    | Identified the cursed +1 leather armour "Ofur" {MR+ Str+4}
 21001 | Elf:1    | Found Himme's Weapon Shoppe.
 21060 | Elf:1    | Found a ruined gateway.
 21066 | Elf:1    | Reached skill level 11 in Unarmed Combat
 21118 | Elf:1    | Reached skill level 10 in Armour
 22048 | Elf:1    | Noticed a deep elf sorcerer
 22055 | Elf:1    | Killed a deep elf sorcerer
 22055 | Elf:1    | Reached skill level 1 in Spellcasting
 22056 | Elf:1    | Identified the Volume of Confrontation
 22242 | Elf:1    | Reached XP level 16. HP: 77/146 MP: 13/20
 22771 | Orc:1    | Reached skill level 1 in Necromancy
 23183 | D:14     | Killed Frances
 23713 | D:14     | Noticed Louise
 23738 | D:14     | Killed Louise
 23744 | D:14     | Found Uthudul's Weapon Emporium.
 23909 | D:14     | Reached skill level 12 in Unarmed Combat
 23924 | D:15     | Entered Level 15 of the Dungeon
 24084 | D:15     | Gained mutation: You expend magic power (3 MP) to strengthen your wands. [mutagenic meat]
 24085 | D:15     | Gained mutation: You have a pair of small horns on your head. [mutagenic meat]
 24460 | D:15     | Lost mutation: You are dopey. (Int -2) [mutagenic meat]
 24461 | D:15     | Gained mutation: You heal very quickly. [mutagenic meat]
 24462 | D:15     | Gained mutation: Armour fits poorly on your strangely shaped body. [mutagenic meat]
 24463 | D:15     | Lost mutation: You expend magic power (3 MP) to strengthen your wands. [mutagenic meat]
 24464 | D:15     | Gained mutation: You are resistant to hostile enchantments. (MR+) [mutagenic meat]
 24465 | D:15     | Gained mutation: You are frail. (-10% HP) [mutagenic meat]
 24469 | D:15     | Gained mutation: You are dopey. (Int -2) [mutagenic meat]
 24514 | D:15     | Gained mutation: You are very dopey. (Int -4) [mutagenic meat]
 24516 | D:15     | Lost mutation: You are agile. (Dex +2) [mutagenic meat]
 24835 | D:15     | Found a staircase to the Depths.
 24893 | D:15     | Lost mutation: You heal very quickly. [mutagenic meat]
 24894 | D:15     | Gained mutation: You are clumsy. (Dex -2) [mutagenic meat]
 25111 | Spider:1 | Entered Level 1 of the Spider Nest
 25214 | Spider:1 | Identified the cursed ring "Pehyjedgh" {+Fly rElec EV-4}
 25354 | Spider:1 | Noticed Agnes
 25372 | Spider:1 | Killed Agnes
 26488 | Spider:2 | Reached skill level 5 in Necromancy
 26915 | Spider:2 | Reached skill level 1 in Charms
 27013 | Spider:2 | Reached skill level 13 in Unarmed Combat
 27673 | Spider:3 | Reached XP level 17. HP: 105/142 MP: 21/21
 28230 | Spider:3 | Noticed Arachne
 28266 | Spider:3 | Killed Arachne
 28501 | Spider:4 | Entered Level 4 of the Spider Nest
 29439 | Spider:4 | Reached skill level 14 in Unarmed Combat
 29593 | Spider:4 | Reached skill level 5 in Spellcasting
 29616 | Spider:4 | Got a gossamer rune of Zot
 30368 | Vaults:1 | Entered Level 1 of the Vaults
 30674 | Vaults:1 | Reached skill level 5 in Charms
 30818 | Vaults:1 | Lost mutation: You are frail. (-10% HP) [mutagenic meat]
 30820 | Vaults:1 | Gained mutation: You evolve. [mutagenic meat]
 30821 | Vaults:1 | Gained mutation: Your flesh is heat resistant. (rF+) [mutagenic meat]
 30823 | Vaults:1 | Lost mutation: You have a pair of small horns on your head. [mutagenic meat]
 30831 | Vaults:1 | Gained mutation: Your spells are a little easier to cast, but a little less powerful. [mutagenic meat]
 30954 | Vaults:1 | Noticed Asterion
 30984 | Vaults:1 | Killed Asterion
 31077 | Vaults:1 | Found a shimmering altar of Xom.
 31573 | Vaults:2 | Reached XP level 18. HP: 158/169 MP: 25/25
 31866 | Vaults:2 | Found Dutay's General Store.
 31969 | Vaults:2 | Found a portal to a secret trove of treasure.
 32213 | Vaults:2 | Identified the cursed +0 scale mail of Absolutism {Int+6}
 32465 | Vaults:2 | Found a staircase to the Crypt.
 33074 | Vaults:3 | HP: 3/170 [vault warden/dire flail (32)]
 33215 | Vaults:3 | Gained mutation: You are partially covered in iridescent scales. (AC +2) [evolution]
 33273 | Vaults:3 | Reached skill level 15 in Unarmed Combat
 34020 | Vaults:3 | Lost mutation: You can translocate small distances at will. [mutagenic meat]
 34716 | Vaults:3 | Found a radiant altar of Vehumet.
 34716 | Vaults:3 | Noticed a lich
 34717 | Vaults:3 | Identified the +1 robe of Wyofusch {Str+3}
 34725 | Vaults:3 | Killed a lich
 35121 | Vaults:4 | Lost mutation: You are clumsy. (Dex -2) [evolution]
 35605 | Vaults:3 | Reached XP level 19. HP: 162/182 MP: 28/28
 35797 | Vaults:4 | Reached skill level 10 in Fighting
 36308 | Vaults:4 | Noticed a lich
 36329 | Vaults:4 | Killed a lich
 36512 | Vaults:4 | Noticed a golden dragon
 36512 | Vaults:4 | an iron dragon changed into a golden dragon
 36515 | Vaults:4 | Noticed an iron giant
 36515 | Vaults:4 | a golden dragon changed into an iron giant
 36518 | Vaults:4 | Noticed a golden dragon
 36518 | Vaults:4 | an iron giant changed into a golden dragon
 36607 | Vaults:4 | Found Cuotesh's Weapon Shop.
 37290 | Vaults:4 | Upgraded the game from 0.21-a0-531-gacddea6 to 0.21-a0-536-gdbbf329
 37527 | Lair:1   | Learned a level 6 spell: Iron Shot
 37582 | Shoals:1 | Entered Level 1 of the Shoals
 37731 | Shoals:1 | Noticed Nikola
 37796 | Shoals:1 | Killed Nikola
 38588 | Shoals:2 | Reached skill level 1 in Throwing
 38610 | Shoals:2 | Reached skill level 1 in Earth Magic
 38718 | Shoals:2 | Noticed Jorgrun
 38739 | Shoals:2 | Killed Jorgrun
 38984 | Shoals:3 | Noticed Donald
 39000 | Shoals:3 | Killed Donald
 39700 | Shoals:4 | Entered Level 4 of the Shoals
 39870 | Shoals:4 | Noticed Ilsuiw
 39900 | Shoals:4 | Got a barnacled rune of Zot
 39901 | Shoals:4 | Slain by a water elemental

Vault maps used:
D:1:      minmay_arrival_up_and_down, nrook_mini_vaults, st_stairs_8
D:3:      gammafunk_steamed_eel, nicolae_overflow_crystal_walls,
          eat_drink_and_be_merry_uskayaw, uniq_terence
D:4:      minmay_temple_entry_overgrown
D:5:      chequers_temple_overflow_statue_of_worship, first_bread
D:6:      lemuel_doored_altar, minmay_misc_feat_tiny, serial_bayou_lake_a,
          uniq_pikel
D:7:      kennysheep_mini_moat, lemuel_coloured_pillars_altar, the_bakery,
          led_sif_book, uniq_prince_ribbit1, uniq_duvessa
D:8:      overflow_temple_1_default, lair_entry_dummy
D:9:      nicolae_overflow_hidden_temple, minitemple, uniq_grum
D:11:     lemuel_oklob_altar
D:13:     david_vaults_1, lightli_wizard_tower
D:14:     hex_medium, serial_shops, shop, uniq_frances, uniq_louise
D:15:     gammafunk_enter_depths_forms, minivault_19
Temple:   jpeg_temple_island
Lair:1:   tgw_fedhas, serial_bayou_shore_a, lemuel_fruit_fields
Lair:2:   elwin_shoals_entry_rocks
Lair:3:   spider_nest_entry_web_field, serial_bayou_pond_a, serial_bayou_pond_d,
          st_stairs_10
Lair:4:   st_stairs_6, lemuel_fruit_tree, lemuel_fruit_fields
Lair:5:   slime_altar_1, nicolae_volcano_entry_lava_flow
Lair:6:   hangedman_lair_in_review, guppyfry_lair_end_dragon
Shoals:1: nicolae_shoals_square_sea_wall, uniq_nikola
Shoals:2: uniq_jorgrun
Shoals:3: uniq_donald
Shoals:4: shoals_end_grunt_garden, shoals_ilsuiw_ice
Spider:1: uniq_agnes
Spider:3: spider_trap, uniq_arachne
Spider:4: grunt_spider_rune_circles
Orc:2:    st_orc_mages, basic_altar
Elf:1:    portal_desolation_entry_twin_temple, serial_shops, shop,
          minmay_elf_sorcery, serial_sigils_hangedman_clutch, uniq_aizul
Vaults:1: hangedman_vaults_cutoff, vaults_room_semicircle, v_alt_pattern_6,
          vaults_mumra_chevron, hangedman_vaults_trim,
          hangedman_vaults_restitches, nicolae_vaults_diagonal_hallway_8,
          basic_altar, uniq_asterion
Vaults:2: ontoclasm_vaults_ring_square, minmay_crypt_entry_vampire_xt,
          ontoclasm_vaults_misaligned, v_pattern_5, v_misc_17,
          ontoclasm_vaults_decontamination, hangedman_vaults_trim,
          vaults_room_door_ring, serial_shops, shop, enter_trove_1
Vaults:3: hangedman_vaults_trim, v_misc_2, grunt_tower_of_power,
          vaults_room_door_hall, v_misc_4
Vaults:4: nicolae_vaults_angled_halls, serial_ice_h, hangedman_vaults_snaps,
          hangedman_vaults_maws, v_misc_5, dpeg_vaults_monster_box, v_misc_16,
          vaults_room_door_ring, grunt_vaults_hallway_short,
          hangedman_vaults_nails, nicolae_vaults_three_branches,
          nicolae_vaults_rhombus_5
Volcano:  volcano_lake

Skill      XL: |  1  2  3  4  5  6  7  8  9 10 11 12 13 14 15 16 17 18 19 |
---------------+----------------------------------------------------------+-----
Unarmed Combat | 4 5 6 8 10 11 13 14 15 | 15.0
Dodging        | 3 4 5 6 7 8 10 11 12 | 12.9
Maces & Flails | 4 6 7 9 10 | 10.1
Fighting       | 4 5 6 8 9 10 | 10.4
Evocations     | 2 6 7 |  7.1
Armour         | 5 8 10 | 10.0
Stealth        | 5 |  5.0
Shields        | 1 6 7 8 9 |  9.9
Spellcasting   | 1 3 5 6 8 |  8.0
Necromancy     | 5 |  5.1
Charms         | 1 5 |  5.2
Throwing       | 3 |  3.5
Earth Magic    | 3 |  3.5

Action                   |  1- 3 |  4- 6 |  7- 9 | 10-12 | 13-15 | 16-18 | 19-21 || total
-------------------------+-------+-------+-------+-------+-------+-------+-------++-------
Melee: Unarmed           |    90 |   167 |   296 |   408 |   588 |  2474 |   855 ||  4878
       Punch             |       |     1 |    12 |    21 |    16 |       |       ||    50
       Whip              |       |       |       |       |  1257 |       |       ||  1257
       Headbutt          |       |       |       |       |       |   240 |       ||   240
 Cast: Regeneration      |       |       |       |       |       |     7 |     8 ||    15
Invok: Curse Item        |       |       |     1 |     1 |     4 |     1 |     1 ||     8
Evoke: Wand              |       |     2 |       |    14 |    37 |    54 |     3 ||   110
       Phial of floods   |       |       |       |       |       |     5 |     2 ||     7
       Box of beasts     |       |       |       |       |       |     2 |       ||     2
       Lamp of fire      |       |       |       |       |       |     1 |     2 ||     3
       Fan of gales      |       |       |       |       |       |     1 |       ||     1
  Use: Scroll            |       |     1 |     7 |    16 |    23 |     9 |     3 ||    59
       Potion            |       |     2 |     5 |     3 |     5 |    17 |     2 ||    34
 Stab: Sleeping          |     4 |     2 |     5 |       |    20 |    28 |    10 ||    69
       Distracted        |     1 |       |       |       |     2 |     3 |     1 ||     7
       Invisible         |       |       |     6 |       |       |       |       ||     6
       Paralysed         |       |       |       |       |       |    22 |       ||    22
  Eat: Chunk             |    13 |    16 |    27 |    51 |   103 |   138 |    51 ||   399
       Royal jelly       |       |       |       |     1 |     2 |     2 |       ||     5
       Meat ration       |       |       |       |       |     2 |     2 |       ||     4
       Fruit             |       |       |       |       |       |    14 |       ||    14
Armor: Robe              |    31 |    49 |       |       |       |       |       ||    80
       Steam dragon scal |       |       |    86 |   127 |   328 |       |       ||   541
       Troll leather arm |       |       |       |       |    98 |   883 |   194 ||  1175
Dodge: Dodged            |    73 |   102 |   169 |   229 |  1075 |  1546 |   440 ||  3634
Block: Shield            |       |       |       |       |   741 |  1556 |   500 ||  2797

Table legend:
 A = Spawn XP
 B = Non-spawn XP
 C = Spawn XP percentage of total XP
 D = Spawn monster count
 E = Non-spawn monster count
 F = Spawn count percentage of total count
 G = Total turns spent on level
                    A         B        C        D         E        F      G
               +---------+---------+-------+---------+---------+-------+---------
         Total |       0 |  429554 |   0.0 |       0 |    1266 |   0.0 | 39901
               +---------+---------+-------+---------+---------+-------+---------
           D:1 |       0 |      57 |   0.0 |       0 |      28 |   0.0 |   694
           D:2 |       0 |      88 |   0.0 |       0 |      20 |   0.0 |   763
           D:3 |       0 |     334 |   0.0 |       0 |      28 |   0.0 |  1010
           D:4 |       0 |     707 |   0.0 |       0 |      22 |   0.0 |   766
           D:5 |       0 |    1414 |   0.0 |       0 |      22 |   0.0 |   743
           D:6 |       0 |    1013 |   0.0 |       0 |      28 |   0.0 |   755
           D:7 |       0 |    2765 |   0.0 |       0 |      31 |   0.0 |   977
           D:8 |       0 |    1621 |   0.0 |       0 |      37 |   0.0 |   818
           D:9 |       0 |    1508 |   0.0 |       0 |      20 |   0.0 |   865
          D:10 |       0 |    3104 |   0.0 |       0 |      26 |   0.0 |   852
          D:11 |       0 |    1860 |   0.0 |       0 |      11 |   0.0 |   801
          D:12 |       0 |    6373 |   0.0 |       0 |      29 |   0.0 |  1027
          D:13 |       0 |   10426 |   0.0 |       0 |      50 |   0.0 |  1433
          D:14 |       0 |   11127 |   0.0 |       0 |      30 |   0.0 |   881
          D:15 |       0 |   17165 |   0.0 |       0 |      46 |   0.0 |  1008
        Lair:1 |       0 |    3326 |   0.0 |       0 |      11 |   0.0 |  1444
        Lair:2 |       0 |     394 |   0.0 |       0 |       2 |   0.0 |   818
        Lair:3 |       0 |    3191 |   0.0 |       0 |      15 |   0.0 |   924
        Lair:4 |       0 |   10275 |   0.0 |       0 |      40 |   0.0 |  1400
        Lair:5 |       0 |    7799 |   0.0 |       0 |      30 |   0.0 |  1019
        Lair:6 |       0 |   27310 |   0.0 |       0 |      76 |   0.0 |  2129
      Shoals:1 |       0 |   10553 |   0.0 |       0 |      14 |   0.0 |   597
      Shoals:2 |       0 |   16321 |   0.0 |       0 |      29 |   0.0 |   744
      Shoals:3 |       0 |   16621 |   0.0 |       0 |      30 |   0.0 |   777
      Shoals:4 |       0 |    6939 |   0.0 |       0 |      14 |   0.0 |   201
      Spider:1 |       0 |    9034 |   0.0 |       0 |      26 |   0.0 |  1013
      Spider:2 |       0 |   22389 |   0.0 |       0 |      69 |   0.0 |  1801
      Spider:3 |       0 |   16568 |   0.0 |       0 |      33 |   0.0 |   783
      Spider:4 |       0 |   36348 |   0.0 |       0 |      77 |   0.0 |  1423
         Orc:1 |       0 |    3614 |   0.0 |       0 |      21 |   0.0 |   568
         Orc:2 |       0 |   10906 |   0.0 |       0 |      66 |   0.0 |  1423
         Elf:1 |       0 |   15758 |   0.0 |       0 |      25 |   0.0 |  1657
      Vaults:1 |       0 |   16330 |   0.0 |       0 |      40 |   0.0 |  1173
      Vaults:2 |       0 |   26563 |   0.0 |       0 |      48 |   0.0 |  1396
      Vaults:3 |       0 |   44114 |   0.0 |       0 |      70 |   0.0 |  2400
      Vaults:4 |       0 |   62108 |   0.0 |       0 |      87 |   0.0 |  2047
       Volcano |       0 |    3531 |   0.0 |       0 |      15 |   0.0 |   523
               +---------+---------+-------+---------+---------+-------+---------
